 Dungeon Crawl Stone Soup version 0.31-a0-187-gba352fbbf7 (webtiles) character file.

Game seed: 15389203891737262755

31 qw the Shooter (level 3, -2/20 HPs)
             Began as a Deep Elf Hunter on June 22, 2023.
             Slain by Terence
             ... wielding a +3 hand axe of venom
              (6 damage)
             ... on level 2 of the Dungeon.
             The game lasted 00:00:22 (953 turns).

qw the Shooter (Deep Elf Hunter)                     Turns: 953, Time: 00:00:23

Health: -2/20      AC:  5    Str: 14    XL:     3   Next: 7%
Magic:  5/5        EV:  9    Int: 13    God:
Gold:   93         SH:  0    Dex: 20    Spells: 2/2 levels left

rFire   . . .        Y - +0 shortbow
rCold   . . .        (shield currently unavailable)
rNeg    . . .        c - +0 leather armour
rPois   .            d - +1 helmet
rElec   .            (no cloak)
rCorr   .            (no gloves)
SInv    .            (no boots)
Will    .....        f - amulet of faith
Stlth   ++           h - +6 ring of strength
HPRegen 0.23/turn    (no ring)
MPRegen 0.09/turn

%: faith
@: lethally poisoned (-2 -> -10), constricted
A: no striking features
a: no special abilities


You were on level 2 of the Dungeon.
You visited 1 branch of the dungeon, and saw 2 of its levels.

You collected 93 gold pieces.


   Skills:
 - Level 1.5 Fighting
 + Level 6.7 Ranged Weapons
 - Level 2.4 Dodging
 - Level 1.2 Stealth


You had 2 spell levels left.
You didn't know any spells.
Your spell library was empty.

Inventory:

Hand Weapons
 Y - a +0 shortbow (weapon)
Armour
 c - a +0 leather armour (worn)
 d - a +1 helmet (worn)
Jewellery
 f - an amulet of faith (around neck)
 h - a +6 ring of strength (left hand)
 j - an amulet of guardian spirit
Scrolls
 a - a scroll of teleportation {unknown}
 e - a scroll of fear {unknown}
 i - a scroll of immolation {unknown}
 m - a scroll of identify
Potions
 b - a potion of lignification {unknown}
 g - a potion of berserk rage {unknown}
 k - a potion of haste {unknown}
 l - a potion of mutation {unknown}

Dungeon Overview and Level Annotations

Branches:
Dungeon (2/15)

Altars:

Annotations:
D:2 Terence


Message History

Terence is lightly wounded.
A ball python comes into view.
You shoot an arrow. The ball python hisses angrily.
The arrow hits Terence but does no damage.
Terence is lightly wounded.
You shoot an arrow.
The arrow hits Terence but does no damage.
Terence is lightly wounded.
A goblin comes into view. It is wielding a +0 dagger.
You shoot an arrow. The goblin shouts!
The arrow hits Terence!
Terence is heavily wounded.
You shoot an arrow.
The arrow hits Terence but does no damage.
Terence is heavily wounded.
Terence hits you with a +3 hand axe of venom.
You are poisoned.
You shoot an arrow. The arrow hits Terence.
Terence is severely wounded.
You feel very sick. Terence misses you.
You shoot an arrow. The arrow barely misses Terence.
You feel sick.
The ball python bites you but does no damage.
The ball python barely misses you. The ball python closely misses you.
The ball python misses you. Terence barely misses you.
You shoot an arrow. The arrow completely misses Terence.
You feel sick. The ball python misses you. The ball python grabs you.
The ball python constricts you.
Terence hits you with a +3 hand axe of venom.
You are lethally poisoned!
You shoot an arrow.
The arrow hits the ball python but does no damage.
You feel sick.
The ball python bites you but does no damage.
The ball python constricts you.
Terence hits you with a +3 hand axe of venom.
You die...

#.#.....###.#....
.#.#..#(#.#....# ###.#
#.#....#.##....###.# #.#
##......##.#.......# #.#
..........#.#..##### #.#
...........##..#######.#
.............#.......#.#
.....gS@.......#####.#.#
##@................
#.############.#.#
#..............#.#
################"# #.#
#.. ###


You could see Terence, a goblin and a ball python.

Vanquished Creatures
  A worm (D:2)
  A dart slug (D:2)
  3 ball pythons (D:1)
  6 endoplasms
  A giant cockroach (D:1)
  2 goblins
  A hobgoblin (D:2)
  3 kobolds
  A quokka (D:1)
  A bat (D:1)
  A frilled lizard (D:1)
  2 rats
23 creatures vanquished.

Notes
Turn   | Place    | Note
-------+----------+-------------------------------------------
     0 | D:1      | qw the Deep Elf Hunter began the quest for the Orb.
     0 | D:1      | Reached XP level 1. HP: 12/12 MP: 3/3
     0 | D:1      | 0 ||| qw: Version: 0.3-a-9-g12657ce
     0 | D:1      | 0 ||| qw: Game counter: 2491
     0 | D:1      | 0 ||| qw: Always use a shield: true
     0 | D:1      | 0 ||| qw: God list: Okawaru
     0 | D:1      | 0 ||| qw: Allow faded altars: false
     0 | D:1      | 0 ||| qw: Do Orc after D:15 true
     0 | D:1      | 0 ||| qw: Do second Lair branch before Depths: true
     0 | D:1      | 0 ||| qw: Lair rune preference: random
     0 | D:1      | 0 ||| qw: Plans: Normal
     0 | D:1      | 0 ||| PLANNING D:1-11
   228 | D:1      | 228 ||| FLEEEEING.
   334 | D:1      | Reached skill level 6 in Ranged Weapons
   334 | D:1      | Reached XP level 2. HP: 16/16 MP: 4/4
   627 | D:1      | 627 ||| UPGRADING to +0 helmet.
   632 | D:1      | 632 ||| UPGRADING to amulet of faith.
   637 | D:1      | 637 ||| UPGRADING to +6 ring of strength.
   638 | D:1      | 638 ||| READING 2 scrolls labelled PIOWIM WIYCEIR.
   639 | D:1      | 639 ||| READING scroll of enchant armour.
   639 | D:1      | 639 ||| ENCHANTING +0 helmet.
   640 | D:1      | 640 ||| READING scroll labelled BAEBREUKIO.
   641 | D:1      | 641 ||| DROPPING scroll of butterflies.
   757 | D:2      | Reached XP level 3. HP: 20/20 MP: 5/5
   941 | D:2      | Noticed Terence
   953 | D:2      | HP: 4/20 [poisoned by Terence]
   953 | D:2      | Slain by Terence

Levels and vault maps discovered:
D:1:      ldierk_walled_garden_2, layout_loops_ring, minmay_misc_feat_pillars
D:2:      layout_basic, dreamdust_ecumenical_altar_statues,
          minmay_misc_feat_secret_circle, uniq_terence

Skill      XL: |  1 |
---------------+----+-----
Ranged Weapons | 6 |  6.7
Fighting       | |  1.5
Dodging        | |  2.4
Stealth        | |  1.2

Action                     || total
---------------------------++-------
   Fire: Shortbow          ||    82
    Use: Scroll            ||     3
 Armour: Leather armour    ||    14
  Dodge: Dodged            ||    18

Table legend:
 A = Non-vault XP
 B = Vault XP
 C = Vault XP percentage of total XP
 D = Non-vault monster count
 E = Vault monster count
 F = Vault count percentage of total count
                 A         B        C        D         E       F
            +---------+---------+-------+---------+---------+-------
      Total |      45 |       0 |   0.0 |      23 |       0 |   0.0
            +---------+---------+-------+---------+---------+-------
        D:1 |      27 |       0 |   0.0 |      16 |       0 |   0.0
        D:2 |      18 |       0 |   0.0 |       7 |       0 |   0.0
            +---------+---------+-------+---------+---------+-------
